 Dungeon Crawl Stone Soup version 0.32-a0-128-g77eb882913 (webtiles) character file.

Game seed: 1609076313506539196

86 Nattfarinn the Changeling (level 4, -1/30 HPs)
             Began as a Merfolk Shapeshifter on Feb 8, 2024.
             Slain by a gnoll
             ... wielding a +0 flail
              (11 damage)
             ... on level 1 of the Dungeon.
             The game lasted 00:03:11 (2009 turns).

Nattfarinn the Changeling (Merfolk Shapeshifter)    Turns: 2009, Time: 00:03:11

Health: -1/30      AC:  0    Str: 16    XL:     4   Next: 50%
Magic:  4/4        EV: 16    Int:  9    God:
Gold:   58         SH:  0    Dex: 13    Spells: 3/3 levels left

rFire   . .          .
                       - Unarmed
rCold   . . .        (shield currently unavailable)
rNeg    . . .        a - melded +0 animal skin
rPois   +            (no helmet)
rElec   .            (no cloak)
rCorr   .            (no gloves)
SInv    .            (no boots)
Will    +....        b - amulet of regeneration
Stlth   +            k - ring of poison resistance
HPRegen 1.05/turn    e - ring of willpower
MPRegen 0.09/turn

%: no passive effects
@: flux-form, glowing
A: glow, contaminating, reduced hp, (nimble swimmer 2), mertail
a: Begin Untransformation


You were on level 1 of the Dungeon.
You were something dangerously unstable.
You visited 1 branch of the dungeon, and saw 2 of its levels.

You collected 58 gold pieces.

Inventory:

Armour
 a - a +0 animal skin (melded)
Jewellery
 b - an amulet of regeneration (around neck)
 e - a ring of willpower (right hand)
 g - a ring of resist corrosion
 k - a ring of poison resistance (left hand)
Talismans
 c - a beast talisman
 d - a flux talisman (active)
 i - a dragon-blood talisman
Scrolls
 f - 2 scrolls of blinking
 h - a scroll of fog {unknown}
 j - 3 scrolls of identify {unknown}


   Skills:
 - Level 1.1 Fighting
 - Level 2.6 Dodging
 - Level 3.2 Unarmed Combat
 * Level 6.4 Shapeshifting


You had 3 spell levels left.
You didn't know any spells.
Your spell library was empty.

Dungeon Overview and Level Annotations

Branches:
Dungeon (2/15)

Altars:

Shops:
D:1 ?


Innate Abilities, Weirdness & Mutations

You are something dangerously unstable.
You glow with magical radiation, making you easy to see and hit.
Foes you strike become dangerously contaminated with magical radiation.
Your maximum health is decreased, since you lack skill for your form.
You are incapable of wielding weapons or throwing items.
((You are very nimble when in or above water. (Stealth+, EV+, Speed+++)))
Your lower body shifts to a powerful aquatic tail in water.


Message History

You closely miss the gnoll. The gnoll misses you. The gnoll closely misses you.
You hit the gnoll but do no damage.
The gnoll begins to glow.
The gnoll hits you from afar with a +0 halberd.
The gnoll hits you with a +0 flail!
You hit the gnoll.
The gnoll glows dangerously bright.
The gnoll is lightly wounded.
The gnoll hits you from afar with a +0 halberd.
The gnoll misses you.
You hit the gnoll.
The gnoll shudders as magic cascades through it.
The gnoll twists and deforms.
The gnoll is severely wounded.
The gnoll hits you from afar with a +0 halberd.
The gnoll closely misses you.
There is a stone staircase leading up here.
You climb upwards.
There is a stone staircase leading down here.
You start waiting.
Done waiting.
You climb downwards.
The gnoll hits you with a +0 flail. The gnoll closely misses you.
The gnoll barely misses you. The gnoll closely misses you.
The gnoll hits you with a +0 whip.
There is a stone staircase leading up, spattered with blood here.
The gnoll misses you. The gnoll closely misses you.
The gnoll barely misses you.
You climb upwards.
There is a stone staircase leading down here.
You hit the gnoll.
The gnoll begins to glow.
The gnoll is moderately wounded.
The gnoll closely misses you. x2
You hit the gnoll.
The gnoll glows dangerously bright.
The gnoll is moderately wounded.
The gnoll hits you with a +0 flail! The gnoll barely misses you.
You hit the gnoll.
The gnoll shudders as magic cascades through it.
You kill the gnoll!
The gnoll hits you with a +0 flail!
You hit the gnoll but do no damage.
The gnoll begins to glow.
The gnoll hits you with a +0 flail!
You die...

###.# #.##.#### ###.#.#
#.##..... #...#.#
#.##.#### #.#.#.#
#.##.#... #.#.#.#
#.##.#.## #.#.#.########
#.##.#.# #.#.#........#
#.##.#.# #.#.########.#
#.##.#.# #.#.# #p##.#
#.##.#.# #.#.# #)g#.#
#....#.# #.#.#
#....##########.## #.#.#
#.##..##.......... #.#.#
#.##.....######.##
#.#.#####.##.###.# #.#
#.#.......##.###.# #.#
#........∩.....#.# #.#
#########.######.######.##


You could see a gnoll (contam).

Vanquished Creatures
  5 gnolls
  An adder (D:2)
  A ribbon worm (D:2)
  An orc (D:2)
  2 endoplasms (D:1)
  A goblin (D:2)
  2 hobgoblins
  2 jackals (D:2)
  2 ball pythons
  3 bats (D:1)
  2 frilled lizards (D:1)
  4 kobolds
  3 rats
29 creatures vanquished.

Notes
Turn   | Place    | Note
-------+----------+-------------------------------------------
     0 | D:1      | Nattfarinn the Merfolk Shapeshifter began the quest for the
                  | Orb.
     0 | D:1      | Reached XP level 1. HP: 15/15 MP: 1/1
   101 | D:1      | Found a faded altar of an unknown god.
   101 | D:1      | Noticed a shining eye
   104 | D:1      | Noticed a shining eye
   104 | D:1      | Noticed a glass eye
   104 | D:1      | Noticed a shining eye
   213 | D:1      | Reached XP level 2. HP: 21/21 MP: 2/2
   357 | D:1      | Found Rioraq's Magic Scroll Shop.
  1036 | D:2      | Reached skill level 5 in Shapeshifting
  1036 | D:2      | Reached XP level 3. HP: 20/26 MP: 3/3
  1374 | D:2      | Reached skill level 6 in Shapeshifting
  1374 | D:2      | Reached XP level 4. HP: 32/32 MP: 4/4
  2009 | D:1      | Slain by a gnoll

Illustrated notes

Levels and vault maps discovered:
D:1:      minmay_arrival_checkered_box, layout_basic,
          hellmonk_ecumenical_altar_watching_god, serial_shops, shop
D:2:      layout_loops_ring

Skill      XL: |  1  2  3 |
---------------+----------+-----
Shapeshifting  | 5 6 |  6.4
Fighting       | |  1.1
Dodging        | |  2.6
Unarmed Combat | |  3.2

Action                     |  1- 3 |  4- 6 || total
---------------------------+-------+-------++-------
  Melee: Unarmed           |    63 |    28 ||    91
         Punch             |     1 |       ||     1
    Use: Potion            |     1 |       ||     1
         Scroll            |       |     1 ||     1
   Stab: Sleeping          |     1 |       ||     1
 Armour: Animal skin       |    32 |     1 ||    33
         Skin              |     4 |    13 ||    17
  Dodge: Dodged            |    32 |    25 ||    57
   Form: Flux              |       |     1 ||     1

Table legend: (Time is in decaauts)
 A = Elapsed time spent in this place.
 B = Non-inter-level travel time spent in this place.
 C = Inter-level travel time spent in this place.
 D = Time resting spent in this place.
 E = Time spent auto-exploring this place.
 F = Levels seen in this place.
 G = Mean time per level.
                   A        B        C        D        E       F      G
               +--------+--------+--------+--------+--------+-----+--------+
         Total |   2004 |   1837 |    167 |    377 |   1142 |   2 | 1002.0 |
       Dungeon |   2004 |   1837 |    167 |    377 |   1142 |   2 | 1002.0 |
               +--------+--------+--------+--------+--------+-----+--------+

Top non-repeatable levels by time:
     D:1: 1238 daAuts
     D:2: 766 daAuts
